[Event "Titled Tuesday Blitz May 17 Early 2022"]
[White "Matinian, Nikita"]
[Black "Babazada, Khazar"]
[WhiteFideId "24129100"]
[BlackFideId "13413554"]
[WhiteElo "2422"]
[BlackElo "2406"]
[Result "0-1"]
[Round "06"]
[TimeControl "180+1"]
[Date "2022.05.17"]
[WhiteClock "0:00:38"]
[BlackClock "0:01:43"]

1. e4 Nf6 2. e5 Nd5 3. d4 Nb6 4. Nf3 d6 5. h3 g6 6. a4 a5 7. c3 Bg7 8. Bd3 O-O 9. Qe2 Nc6 10. Bf4 dxe5 11. Nxe5 Nxe5 12. Bxe5 Bxe5 13. Qxe5 Qd6 14. Qxd6 exd6 15. Nd2 Bd7 16. b3 Rfe8+ 17. Kd1 Nd5 18. Kc2 Nf4 19. g4 Bc6 20. f3 Re3 21. Bb5 Bxb5 22. axb5 Nd5 23. c4 Nb4+ 24. Kd1 b6 25. Rf1 Rae8 26. g5 Kg7 27. h4 Re2 28. Ne4 Rh2 29. d5 Rxh4 30. Ke2 h6 31. gxh6+ Rxh6 32. Kf2 f5 33. Ng5 Nd3+ 34. Kg3 f4+ 35. Kg4 Reh8 36. Ne6+ Kf6 0-1


[Site "https://www.chess.com"]

[Event "Titled Tuesday Blitz May 17 Early 2022"]
[White "Meshkovs, Nikita"]
[Black "Beerdsen, Thomas"]
[WhiteFideId "11602740"]
[BlackFideId "1030108"]
[WhiteElo "2506"]
[BlackElo "2585"]
[Result "1-0"]
[Round "06"]
[TimeControl "180+1"]
[Date "2022.05.17"]
[WhiteClock "0:00:05"]
[BlackClock "0:00:05"]

1. e4 e5 2. Nf3 Nc6 3. Bc4 f5 4. d3 Nf6 5. Nc3 Bb4 6. O-O Bxc3 7. bxc3 fxe4 8. dxe4 d6 9. Nh4 Na5 10. Bb3 Nxb3 11. axb3 O-O 12. Qd3 Nh5 13. Nf5 Qf6 14. Qc4+ Rf7 15. Qb5 c6 16. Qb4 Bxf5 17. exf5 d5 18. g4 e4 19. gxh5 Qxf5 20. f4 exf3 21. Qh4 Qxc2 22. Qf2 Qxc3 23. Bb2 Qxb3 24. h6 Re8 25. Rae1 Re4 26. Bxg7 Qb6 27. Qxb6 axb6 28. Ra1 Re8 29. Kf2 b5 30. Rfe1 Rfe7 31. Rxe7 Rxe7 32. Ra8+ Kf7 33. Rf8+ Kg6 34. Rg8 Kh5 35. Kxf3 b4 36. Kf4 Re4+ 37. Kf5 Rg4 38. Rb8 c5 39. Rxb7 d4 40. Be5 d3 41. Rxh7 d2 42. Rd7 Rd4 43. Rxd4 cxd4 44. h7 d1=Q 45. h8=Q# 1-0


[Site "https://www.chess.com"]

[Event "Titled Tuesday Blitz May 17 Early 2022"]
[White "Molina, Roberto Junio Brito"]
[Black "Dronavalli, Harika"]
[WhiteFideId "2109450"]
[BlackFideId "5015197"]
[WhiteElo "2432"]
[BlackElo "2382"]
[Result "0-1"]
[Round "06"]
[TimeControl "180+1"]
[Date "2022.05.17"]
[WhiteClock "0:00:06"]
[BlackClock "0:00:13"]

1. d4 Nf6 2. c4 c5 3. d5 b5 4. cxb5 a6 5. b6 e6 6. Nc3 exd5 7. Nxd5 Nxd5 8. Qxd5 Nc6 9. e4 Be7 10. Bc4 O-O 11. Nf3 Rb8 12. O-O Rxb6 13. b3 d6 14. Bf4 Be6 15. Qd3 Nb4 16. Qe2 d5 17. exd5 Nxd5 18. Bd2 Qa8 19. Rad1 Bf6 20. Rfe1 a5 21. Ne5 Re8 22. Qf3 Nb4 23. Qxa8 Rxa8 24. Bxe6 Rxe6 25. Nd7 Rxe1+ 26. Bxe1 Bd4 27. a4 h5 28. Nb6 Re8 29. Kf1 Re6 30. Nc4 Nc2 31. Bxa5 Rf6 32. f3 Na1 33. b4 Nb3 34. Bb6 g5 35. a5 g4 36. Ke2 gxf3+ 37. gxf3 Re6+ 38. Kd3 Re8 39. a6 cxb4 40. Bxd4 Nxd4 41. a7 Nc6 42. Ra1 Ra8 43. Ra6 Nxa7 44. Nd6 Rd8 45. Kc4 Nc8 46. Nxf7 Kxf7 47. Kxb4 Ne7 48. Rh6 Rd5 49. Kc4 Rf5 50. Kd4 Kg7 51. Re6 Ng6 52. Ke4 Rf4+ 53. Ke3 Rh4 54. Ra6 Rxh2 55. f4 Rh3+ 56. Ke4 Rh4 57. Kf5 Rxf4+ 58. Kg5 Rg4+ 59. Kxh5 Rg1 60. Ra7+ Kf6 61. Ra6+ Kf7 62. Ra7+ Ne7 63. Kh4 Rg6 64. Kh3 Rg8 65. Kh2 Kf6 66. Ra1 Nf5 67. Ra6+ Ke5 68. Ra5+ Ke4 69. Ra4+ Kf3 70. Ra3+ Ne3 71. Kh1 Rb8 72. Kg1 Rb2 73. Ra8 Rb1+ 74. Kh2 Ng4+ 0-1


[Site "https://www.chess.com"]

[Event "Titled Tuesday Blitz May 17 Early 2022"]
[White "Nazari, Arad"]
[Black "Shimanov, Aleksandr"]
[WhiteFideId "12577324"]
[BlackFideId "4198603"]
[WhiteElo "2129"]
[BlackElo "2605"]
[Result "1/2-1/2"]
[Round "06"]
[TimeControl "180+1"]
[Date "2022.05.17"]
[WhiteClock "0:00:03"]
[BlackClock "0:00:52"]

1. e4 c6 2. Nf3 d5 3. Nc3 Bg4 4. h3 Bxf3 5. Qxf3 e6 6. Be2 Nf6 7. O-O Bc5 8. Rd1 Bd4 9. Qg3 O-O 10. exd5 cxd5 11. d3 Nc6 12. Bh6 Ne8 13. Be3 Bxe3 14. fxe3 Nd6 15. d4 Rc8 16. Bd3 Nb4 17. Qf3 Qb6 18. Rab1 Nc4 19. a3 Nxd3 20. cxd3 Nd6 21. Qf2 Qb3 22. e4 Nb5 23. Nxb5 Qxb5 24. Qd2 h6 25. Rbc1 Rfd8 26. Rc3 Qb6 27. Qf2 Rxc3 28. bxc3 Qb3 29. Rf1 Rf8 30. exd5 exd5 31. Qf3 b5 32. Kh2 a5 33. Rf2 a4 34. Qf5 Qxa3 35. Qxd5 Qxc3 36. Qxb5 Qc4 37. Qxc4 1/2-1/2


[Site "https://www.chess.com"]

[Event "Titled Tuesday Blitz May 17 Early 2022"]
[White "Neiksans, Arturs"]
[Black "Dubov, Daniil"]
[WhiteFideId "11601388"]
[BlackFideId "24126055"]
[WhiteElo "2447"]
[BlackElo "2791"]
[Result "1/2-1/2"]
[Round "06"]
[TimeControl "180+1"]
[Date "2022.05.17"]
[WhiteClock "0:00:06"]
[BlackClock "0:00:06"]

1. e4 c5 2. Nf3 e6 3. g3 Nc6 4. Bg2 d5 5. exd5 exd5 6. d4 Nf6 7. O-O cxd4 8. Nxd4 Be7 9. Nc3 O-O 10. Re1 Bg4 11. Qd3 Nb4 12. Qd2 Bc5 13. Nb3 Bb6 14. a3 Nc6 15. Nxd5 Nxd5 16. Qxd5 Qf6 17. Be3 Bxe3 18. Rxe3 Qxb2 19. Qd2 Rac8 20. Qc1 Qf6 21. Rb1 b6 22. Qb2 Qxb2 23. Rxb2 Rfd8 24. Rd3 Ne5 25. Rxd8+ Rxd8 26. Rb1 g6 27. a4 a5 28. h3 Bf5 29. Rc1 Nc4 30. c3 Nb2 31. Bc6 Rd1+ 32. Rxd1 Nxd1 33. c4 Nc3 34. g4 Be6 35. c5 bxc5 36. Nxa5 c4 37. Kf1 Kf8 38. Ke1 Ke7 39. Kd2 Nd5 40. Nxc4 Nf4 41. Kc3 Nxh3 42. a5 Bc8 43. f3 Nf4 44. Kd4 Ne6+ 45. Kd5 Ba6 46. Na3 h5 47. gxh5 gxh5 48. Nc2 h4 49. Nb4 Nc7+ 50. Kc5 Be2 51. f4 h3 52. Kb6 Kd6 53. Bb7 Bf1 54. Nc2 Bg2 55. Ne3 Bxb7 56. Kxb7 h2 57. Nf5+ Kc5 58. Ng3 Nb5 59. Kc8 Nd6+ 60. Kd7 Ne4 61. Nh1 Kb5 62. Ke7 f6 63. Ke6 Kxa5 64. Kf5 Nc5 65. Kxf6 Kb5 66. Kg5 Kc6 67. Kg4 Kd5 68. Kg3 Ke4 69. Nf2+ Kf5 70. Kxh2 Kxf4 1/2-1/2


[Site "https://www.chess.com"]

[Event "Titled Tuesday Blitz May 17 Early 2022"]
[White "Ohanyan, Emin"]
[Black "Seemann, Jakub"]
[WhiteFideId "13312022"]
[BlackFideId "21874697"]
[WhiteElo "1927"]
[BlackElo "2003"]
[Result "1-0"]
[Round "06"]
[TimeControl "180+1"]
[Date "2022.05.17"]
[WhiteClock "0:00:19"]
[BlackClock "0:00:33"]

1. e4 c5 2. Nf3 d6 3. d4 cxd4 4. Nxd4 Nf6 5. Nc3 Nc6 6. Bg5 e6 7. Qd3 Be7 8. O-O-O a6 9. Nxc6 bxc6 10. Qg3 Qb6 11. Bc4 Rb8 12. Bb3 Bd7 13. Be3 Qa5 14. Qxg7 Rg8 15. Qh6 Rg6 16. Qh3 e5 17. Qh4 h6 18. Bd2 Qc7 19. f4 Nxe4 20. Qe1 Nxd2 21. Rxd2 Kf8 22. fxe5 Bg5 23. Ne4 Bxd2+ 24. Qxd2 dxe5 25. Nc5 Be6 26. Bxe6 fxe6 27. Nd7+ Kg7 28. Nxb8 Qxb8 29. Rf1 Qc7 30. Qf2 Qe7 31. g3 h5 32. b3 a5 33. a4 e4 34. Qd4+ e5 35. Qxe4 Rd6 36. Rf5 Rd5 37. Kb2 Qe8 38. Rg5+ Kh6 39. Qf5 Rd6 40. g4 hxg4 41. Qxg4 Rg6 42. Qh5+ Kg7 43. Rxe5 Qd7 44. Ka2 Qd4 45. Re7+ Kf6 46. Re6+ Kxe6 47. Qxg6+ Kd7 48. Qd3 Qxd3 49. cxd3 Kd6 50. Kb2 Ke5 51. Kc3 Kf4 52. Kc4 Ke3 53. h4 c5 54. h5 Kd2 55. h6 Kc2 56. h7 Kb2 57. h8=B+ Ka3 58. Bc3 Ka2 59. Bxa5 Ka3 60. Bb6 Ka2 61. Bxc5 Kb2 62. d4 Ka2 63. d5 Kb2 64. d6 Ka2 65. d7 Kb2 66. d8=Q Ka2 67. a5 Kb2 68. a6 Ka2 69. a7 Kb2 70. a8=B Kb1 71. b4 Ka2 72. b5 Kb2 73. b6 Kb1 74. b7 Ka2 75. b8=B Ka1 76. Be5+ Ka2 77. Qd2+ Kb1 78. Be4# 1-0


[Site "https://www.chess.com"]

[Event "Titled Tuesday Blitz May 17 Early 2022"]
[White "Oparin, Grigoriy"]
[Black "Donchenko, Alexander"]
[WhiteFideId "24125890"]
[BlackFideId "24603295"]
[WhiteElo "2665"]
[BlackElo "2572"]
[Result "1/2-1/2"]
[Round "06"]
[TimeControl "180+1"]
[Date "2022.05.17"]
[WhiteClock "0:00:20"]
[BlackClock "0:00:22"]

1. d4 Nf6 2. c4 e6 3. Nf3 d5 4. g3 Bb4+ 5. Bd2 Be7 6. Bg2 O-O 7. O-O Nbd7 8. Bc3 b6 9. cxd5 exd5 10. Nbd2 Bb7 11. Rc1 Re8 12. Re1 c5 13. dxc5 bxc5 14. e3 Qb6 15. Nh4 Bf8 16. Qa4 Bc6 17. Qf4 Rac8 18. Nf5 Ba8 19. b3 a5 20. Bb2 Qb4 21. Bc3 Qxf4 22. gxf4 a4 23. bxa4 g6 24. Ng3 d4 25. exd4 Rxe1+ 26. Rxe1 Bxg2 27. Kxg2 Nd5 28. Ne2 Nxc3 29. Nxc3 cxd4 30. Nb5 Rc2 31. Rd1 d3 32. Nb3 Nc5 33. N5d4 Rxa2 34. Nxc5 Bxc5 35. Rxd3 Rxa4 36. Ne2 Ra2 37. Kf3 f5 38. Rc3 Ba7 39. Rc7 Ra3+ 40. Kg2 Bb6 41. Rb7 Bc5 42. Nc1 Bd6 43. Ne2 Rd3 44. Rd7 Kf8 45. Rxh7 Rd2 46. Kf3 Rd3+ 47. Kg2 Rd2 48. Ng1 Bxf4 49. Nf3 Ra2 50. Nh4 Ra6 51. Rb7 Bg5 52. Nf3 Bf6 53. h3 Re6 54. Ng1 Re7 55. Rb6 Kf7 56. Nf3 Re6 57. Rb7+ Re7 58. Rb5 Rd7 59. h4 Re7 60. h5 gxh5 61. Rxf5 Kg6 62. Rb5 Re4 63. Ng1 Rg4+ 64. Kf1 Rg5 65. Rxg5+ Bxg5 66. Nh3 Kf5 67. Kg2 Bf6 68. f3 Be5 69. f4 Bxf4 70. Nxf4 Kxf4 71. Kh3 Kf3 72. Kh4 Kf4 73. Kxh5 1/2-1/2


[Site "https://www.chess.com"]

[Event "Titled Tuesday Blitz May 17 Early 2022"]
[White "Paravyan, David"]
[Black "Rostovtsev, Dmitry"]
[WhiteFideId "4194985"]
[BlackFideId "34278320"]
[WhiteElo "2569"]
[BlackElo "2274"]
[Result "1-0"]
[Round "06"]
[TimeControl "180+1"]
[Date "2022.05.17"]
[WhiteClock "0:02:22"]
[BlackClock "0:01:40"]

1. e4 e5 2. Nf3 Nc6 3. Nc3 Nf6 4. d4 exd4 5. Nxd4 Bb4 6. Nxc6 bxc6 7. Bd3 d5 8. exd5 cxd5 9. O-O O-O 10. Bg5 c6 11. Qf3 Be7 12. h3 h6 13. Bf4 Bd6 14. Rfe1 Rb8 15. b3 Bxf4 16. Qxf4 Be6 17. Ne2 c5 18. Rad1 Rb4 19. c4 Qa5 20. Ng3 Qxa2 21. Qd6 dxc4 22. bxc4 Bxc4 23. Bxc4 Qxc4 24. Qxf8+ Kxf8 25. Rd8+ Ne8 26. Rdxe8# 1-0


[Site "https://www.chess.com"]

[Event "Titled Tuesday Blitz May 17 Early 2022"]
[White "Rohith Krishna S"]
[Black "Grischuk, Alexander"]
[WhiteFideId "46617051"]
[BlackFideId "4126025"]
[WhiteElo "2117"]
[BlackElo "2762"]
[Result "0-1"]
[Round "06"]
[TimeControl "180+1"]
[Date "2022.05.17"]
[WhiteClock "0:00:05"]
[BlackClock "0:00:08"]

1. Nf3 Nf6 2. g3 c5 3. Bg2 Nc6 4. O-O e5 5. d3 d5 6. e4 d4 7. a4 Bg4 8. h3 Bh5 9. Na3 Nd7 10. g4 Bg6 11. Nc4 Be7 12. Bd2 h5 13. g5 h4 14. Qc1 b6 15. Kh2 a6 16. b3 b5 17. Na3 Rb8 18. Rg1 Nf8 19. Bf1 Ne6 20. Rg4 Bh5 21. Rxh4 Kd7 22. Bg2 Bxf3 23. Rxh8 Qxh8 24. Bxf3 Qh4 25. Qg1 Bxg5 26. Bxg5 Nxg5 27. Qg4+ Qxg4 28. Bxg4+ Ke7 29. h4 Nh7 30. Kg3 Nf6 31. Be2 Ne8 32. axb5 axb5 33. Nb1 Nc7 34. Nd2 Ne6 35. Bd1 Kd6 36. Nf3 Rh8 37. Ng1 Nf4 38. Nh3 Nxh3 39. Kxh3 g6 40. Kg3 Kc7 41. Kg4 f6 42. Kg3 Kb6 43. Be2 Nb4 44. Bd1 f5 45. exf5 gxf5 46. h5 e4 47. Kf4 exd3 48. cxd3 Nxd3+ 49. Kxf5 Nxf2 50. Be2 d3 51. Bf1 c4 52. bxc4 bxc4 53. Kg6 Ng4 54. Bh3 Ne5+ 55. Kg5 Kc5 56. Bf5 Kd4 57. h6 Nf7+ 58. Kg6 Nxh6 59. Be6 d2 60. Ra6 Ke5 61. Bf7 d1=Q 62. Re6+ Kf4 63. Rf6+ Kg3 64. Be6 Qd3+ 65. Kg7 Rh7+ 66. Kf8 Qd8# 0-1


[Site "https://www.chess.com"]

[Event "Titled Tuesday Blitz May 17 Early 2022"]
[White "Sadhwani, Raunak"]
[Black "Preotu, Razvan"]
[WhiteFideId "35093487"]
[BlackFideId "2613280"]
[WhiteElo "2616"]
[BlackElo "2407"]
[Result "1-0"]
[Round "06"]
[TimeControl "180+1"]
[Date "2022.05.17"]
[WhiteClock "0:00:21"]
[BlackClock "0:00:07"]

1. e4 c5 2. Nf3 d6 3. d4 cxd4 4. Nxd4 Nf6 5. Nc3 a6 6. h3 e5 7. Nb3 Be7 8. g4 h6 9. Be3 Be6 10. Qf3 Nbd7 11. O-O-O Nf8 12. Nc5 Bc8 13. Nb3 Ng6 14. Qe2 Be6 15. f3 Rc8 16. h4 Rxc3 17. bxc3 h5 18. g5 Nd7 19. Bh3 Qc7 20. Bxe6 fxe6 21. Kb1 Nb6 22. Bxb6 Qxb6 23. Qc4 Nf4 24. Qc8+ Bd8 25. Qc4 O-O 26. Qb4 Qc7 27. Qxd6 Qxc3 28. Rhf1 b6 29. Qd7 a5 30. a4 Qc4 31. Qb5 Qxb5 32. axb5 Ng6 33. Rh1 Be7 34. Nd2 Bc5 35. c3 Rf4 36. Kc2 Nxh4 37. Nc4 Nxf3 38. g6 h4 39. Rd8+ Bf8 40. Nxb6 Ng5 41. Nd7 h3 42. Rxf8+ Rxf8 43. Nxf8 Kxf8 44. b6 1-0


[Site "https://www.chess.com"]

[Event "Titled Tuesday Blitz May 17 Early 2022"]
[White "Seo, Jung Min"]
[Black "Aakanksha Hagawane"]
[WhiteFideId "1734687"]
[BlackFideId "25014510"]
[WhiteElo "2401"]
[BlackElo "1971"]
[Result "1-0"]
[Round "06"]
[TimeControl "180+1"]
[Date "2022.05.17"]
[WhiteClock "0:01:34"]
[BlackClock "0:00:12"]

1. d4 Nf6 2. c4 c5 3. d5 e6 4. Nc3 exd5 5. cxd5 d6 6. e4 g6 7. h3 Bg7 8. Nf3 O-O 9. Bd3 b5 10. Nxb5 Re8 11. O-O Nxe4 12. Re1 a6 13. Na3 Nf6 14. Rxe8+ Qxe8 15. Nc4 Bf8 16. Bf4 Nxd5 17. Bxd6 Nb4 18. Bxf8 Nxd3 19. Bh6 Bf5 20. g4 Be4 21. Ng5 Nd7 22. Nd6 Qe5 23. Ngxe4 Qd4 24. Be3 Qxb2 25. Rb1 1-0


[Site "https://www.chess.com"]

[Event "Titled Tuesday Blitz May 17 Early 2022"]
[White "Shipov, Sergei"]
[Black "Drygalov, Sergey"]
[WhiteFideId "4113624"]
[BlackFideId "24171743"]
[WhiteElo "2779"]
[BlackElo "2514"]
[Result "0-1"]
[Round "06"]
[TimeControl "180+1"]
[Date "2022.05.17"]
[WhiteClock "0:00:19"]
[BlackClock "0:01:27"]

1. d4 d5 2. c4 c6 3. Nc3 Nf6 4. Nf3 e6 5. e3 Nbd7 6. Qc2 Bd6 7. Bd2 O-O 8. O-O-O a5 9. e4 dxe4 10. Nxe4 Nxe4 11. Qxe4 Nf6 12. Qh4 b5 13. c5 Be7 14. Bd3 Qd5 15. Kb1 b4 16. Bg5 Ba6 17. Bc2 h6 18. Bc1 a4 19. b3 axb3 20. axb3 Be2 21. Ne5 Bxd1 22. Rxd1 Ra7 23. Bxh6 Rfa8 24. Kc1 Ra1+ 25. Kd2 Rxd1+ 26. Kxd1 gxh6 27. Qg3+ Kf8 28. Qf4 Ke8 29. Bd3 Qxb3+ 30. Ke2 Ra2+ 31. Kf3 Qd5+ 32. Ke3 Ra3 33. Qxh6 Qxe5+ 34. dxe5 Ng4+ 0-1


[Site "https://www.chess.com"]

[Event "Titled Tuesday Blitz May 17 Early 2022"]
[White "Skliarov, Viktor"]
[Black "Xu, Yi"]
[WhiteFideId "14106736"]
[BlackFideId "8605564"]
[WhiteElo "2229"]
[BlackElo "2471"]
[Result "0-1"]
[Round "06"]
[TimeControl "180+1"]
[Date "2022.05.17"]
[WhiteClock "0:00:03"]
[BlackClock "0:00:13"]

1. e4 e6 2. d4 d5 3. e5 c5 4. c3 Nc6 5. Nf3 Qb6 6. a3 f6 7. b4 cxd4 8. cxd4 fxe5 9. dxe5 Nge7 10. Bd3 g6 11. O-O Bg7 12. Bb2 O-O 13. Nbd2 Nf5 14. Nb3 a5 15. b5 a4 16. bxc6 axb3 17. cxb7 Bxb7 18. Bxf5 Rxf5 19. Nd4 Rxe5 20. Qxb3 Qxb3 21. Nxb3 Re2 22. Bxg7 Kxg7 23. Nc5 Bc8 24. g3 Rc2 25. Nd3 Rc3 26. Ne5 Kf6 27. f4 Raxa3 28. Rxa3 Rxa3 29. Rc1 Ba6 30. Rc7 Kf5 31. Rxh7 d4 32. Rd7 Ke4 33. Nxg6 d3 34. Ne5 Ke3 35. Nxd3 Bxd3 36. Kg2 Bf5 37. Rc7 Ra2+ 38. Kg1 Be4 39. Rc3+ Kd4 40. Rb3 Rg2+ 41. Kf1 Rxh2 42. g4 Rh4 43. f5 e5 44. f6 Rxg4 45. Rb4+ Ke3 46. f7 Bd3+ 47. Ke1 Rg1# 0-1


[Site "https://www.chess.com"]

[Event "Titled Tuesday Blitz May 17 Early 2022"]
[White "Svane, Frederik"]
[Black "Djordjevic, Vuk"]
[WhiteFideId "12923044"]
[BlackFideId "902098"]
[WhiteElo "2459"]
[BlackElo "2496"]
[Result "1-0"]
[Round "06"]
[TimeControl "180+1"]
[Date "2022.05.17"]
[WhiteClock "0:00:10"]
[BlackClock "0:00:02"]

1. e4 e6 2. d4 d5 3. Nd2 Be7 4. c3 c5 5. dxc5 Bxc5 6. exd5 Qxd5 7. Ngf3 Nf6 8. Bc4 Qc6 9. O-O b5 10. Ne5 Qb6 11. Bb3 Bb7 12. Ndf3 h6 13. Nd3 Bd6 14. Be3 Qc7 15. Bd4 Nbd7 16. Re1 Rd8 17. Nfe5 Nxe5 18. Nxe5 Bc5 19. Nxf7 Kxf7 20. Bxe6+ Ke8 21. Bd5+ Be7 22. Bxb7 Qxb7 23. Qb3 Qd5 24. Qa3 Rd7 25. Bc5 Ng8 26. Bxe7 Nxe7 27. h3 Kf7 28. Re3 Re8 29. Rae1 Qc6 30. Qb4 Qc7 31. Qe4 Qd6 32. Qf3+ Kg8 33. Qh5 Kf8 34. Rf3+ Kg8 35. Qxe8+ Kh7 36. Rf8 Ng6 37. Rf3 Rd8 38. Qe2 Qc6 39. Qe4 Rd5 40. Rg3 Rd6 41. Qxc6 Rxc6 42. Re8 Rb6 43. Rge3 b4 44. R8e6 bxc3 45. Rxb6 axb6 46. Rxc3 1-0


[Site "https://www.chess.com"]

[Event "Titled Tuesday Blitz May 17 Early 2022"]
[White "Svane, Rasmus"]
[Black "Abdusattorov, Nodirbek"]
[WhiteFideId "4657101"]
[BlackFideId "14204118"]
[WhiteElo "2674"]
[BlackElo "2663"]
[Result "0-1"]
[Round "06"]
[TimeControl "180+1"]
[Date "2022.05.17"]
[WhiteClock "0:00:06"]
[BlackClock "0:00:53"]

1. Nf3 Nf6 2. g3 g6 3. Bg2 Bg7 4. O-O O-O 5. d4 d5 6. c4 c6 7. Qb3 dxc4 8. Qxc4 b5 9. Qc3 Qb6 10. Ne5 Nd5 11. Qd2 Nd7 12. e4 Nxe5 13. dxe5 Nc7 14. Qg5 Qc5 15. Nc3 Qxe5 16. Qh4 Bf6 17. Qh6 Ne6 18. Kh1 b4 19. Nd1 Ba6 20. Re1 Nc5 21. f4 Qc7 22. Be3 Nd3 23. Re2 Bg7 24. Qh4 Nxf4 25. Bxf4 e5 26. Rf2 exf4 27. gxf4 Bd4 28. Rf3 Rad8 29. Ne3 Bxb2 30. Rg1 Bd4 31. Rh3 f6 32. Re1 Bc8 33. Rg3 Rf7 34. Nf5 Bxf5 35. exf5 Rg7 36. fxg6 hxg6 37. Rf1 f5 38. Qg5 Qd6 39. Bxc6 Bf6 40. Bd5+ Qxd5+ 41. Rg2 Bxg5 0-1


[Site "https://www.chess.com"]

[Event "Titled Tuesday Blitz May 17 Early 2022"]
[White "Tarigan, Gilbert Elroy"]
[Black "Vasquez Schroeder, Rodrigo"]
[WhiteFideId "7108133"]
[BlackFideId "3400042"]
[WhiteElo "1908"]
[BlackElo "2567"]
[Result "1-0"]
[Round "06"]
[TimeControl "180+1"]
[Date "2022.05.17"]
[WhiteClock "0:00:28"]
[BlackClock "0:00:17"]

1. e4 c5 2. Nf3 d6 3. d4 cxd4 4. Nxd4 Nf6 5. Nc3 a6 6. Bg5 e6 7. f4 Nbd7 8. Qf3 Qc7 9. O-O-O b5 10. Bd3 Bb7 11. Rhe1 h6 12. Bxf6 Nxf6 13. Qh3 O-O-O 14. a3 Kb8 15. f5 e5 16. Nb3 h5 17. Qf3 Qb6 18. Kb1 Rc8 19. Nc1 b4 20. axb4 Qxb4 21. N1a2 Qb6 22. Qe3 Qa5 23. Qe2 Rc7 24. Bc4 Nxe4 25. Nxe4 d5 26. Bd3 dxe4 27. Bxe4 Bc8 28. Rd8 Rxc2 29. Qxc2 Qxd8 30. Qc6 Qd7 31. Qa8+ Kc7 32. Nc3 Bc5 33. Nd5+ Kd8 34. Rc1 Qa4 35. Qxc8+ Kxc8 36. Nb6+ Kb8 37. Nxa4 Bd4 38. Rc6 1-0


[Site "https://www.chess.com"]

[Event "Titled Tuesday Blitz May 17 Early 2022"]
[White "Vokhidov, Shamsiddin"]
[Black "Oganian, Miran"]
[WhiteFideId "14204223"]
[BlackFideId "4122488"]
[WhiteElo "2611"]
[BlackElo "2357"]
[Result "1-0"]
[Round "06"]
[TimeControl "180+1"]
[Date "2022.05.17"]
[WhiteClock "0:00:40"]
[BlackClock "0:00:32"]

1. e4 e6 2. d4 d5 3. Nc3 Bb4 4. Ne2 dxe4 5. a3 Be7 6. Nxe4 Nf6 7. N2c3 Nxe4 8. Nxe4 Nd7 9. g3 Nf6 10. Bg2 Nxe4 11. Bxe4 c5 12. Be3 Bf6 13. dxc5 Bxb2 14. Qxd8+ Kxd8 15. Rb1 Bc3+ 16. Ke2 Kc7 17. Rb3 Bf6 18. Rhb1 Rb8 19. c6 b6 20. a4 Ba6+ 21. Kf3 Be5 22. a5 f5 23. axb6+ axb6 24. Bxb6+ Kd6 25. Rd1+ Ke7 26. Bd3 Bxd3 27. Rdxd3 Rhc8 28. c7 Ra8 29. Rd8 Bxc7 30. Rxc8 Rxc8 31. Rc3 Kd7 32. Bxc7 Rxc7 33. Rxc7+ Kxc7 34. Kf4 Kd6 35. c4 g6 36. Kg5 Kc5 37. Kh6 Kxc4 38. h4 e5 39. Kxh7 f4 40. gxf4 exf4 41. Kxg6 Kd3 42. Kf5 f3 43. Kf4 Ke2 44. Kg3 Kf1 45. h5 1-0


[Site "https://www.chess.com"]

[Event "Titled Tuesday Blitz May 17 Early 2022"]
[White "Yeletsky, Ivan"]
[Black "Bortnyk, Olexandr"]
[WhiteFideId "24180327"]
[BlackFideId "14120828"]
[WhiteElo "2319"]
[BlackElo "2723"]
[Result "0-1"]
[Round "06"]
[TimeControl "180+1"]
[Date "2022.05.17"]
[WhiteClock "0:00:08"]
[BlackClock "0:02:10"]

1. e4 Nf6 2. e5 Nd5 3. d4 d6 4. c4 Nb6 5. f4 dxe5 6. fxe5 Bf5 7. Nc3 e6 8. Be3 Bb4 9. Nf3 c5 10. a3 cxd4 11. Bxd4 Be7 12. c5 Nd5 13. Nxd5 Qxd5 14. Be3 Qe4 15. Qd4 Nc6 16. Qxe4 Bxe4 17. Bb5 O-O 18. O-O Bxf3 19. gxf3 Nxe5 20. Rad1 a6 21. Be2 Rfd8 22. f4 Nc6 23. b4 Rxd1 24. Rxd1 Rd8 25. Rxd8+ Bxd8 26. Bf3 Bc7 27. Kf2 Kf8 28. Ke2 Ke8 29. Kd3 Kd7 30. Kc4 Kc8 31. a4 Ne7 32. b5 axb5+ 33. axb5 Ng6 34. f5 Ne5+ 35. Kb4 Nxf3 36. fxe6 fxe6 0-1


[Site "https://www.chess.com"]

[Event "Titled Tuesday Blitz May 17 Early 2022"]
[White "Yuan, Qingyu"]
[Black "Karolczuk, Iwo"]
[WhiteFideId "8609772"]
[BlackFideId "21816972"]
[WhiteElo "2359"]
[BlackElo "2258"]
[Result "1-0"]
[Round "06"]
[TimeControl "180+1"]
[Date "2022.05.17"]
[WhiteClock "0:00:03"]
[BlackClock "0:00:02"]

1. e4 c5 2. Nf3 d6 3. Bb5+ Nd7 4. c4 e5 5. Nc3 a6 6. Ba4 Nf6 7. a3 g6 8. b4 cxb4 9. axb4 Bg7 10. O-O O-O 11. d3 h6 12. Ne1 Nb6 13. Bb3 Be6 14. Nc2 Nbd7 15. Ne3 Qb6 16. Ra4 Rfc8 17. Bd2 Qd8 18. Qa1 Nh5 19. Ned5 Nb6 20. Nxb6 Qxb6 21. Be3 Qd8 22. Nd5 Bxd5 23. cxd5 Nf4 24. Qd1 Rc3 25. Bc2 Rac8 26. Bb1 h5 27. g3 Nh3+ 28. Kg2 Ng5 29. Bd2 R3c7 30. Be3 Rc3 31. Bd2 R3c7 32. h4 Nh7 33. Be3 Rc3 34. Bd2 R3c7 35. Qe2 Qd7 36. Ra5 Nf6 37. Be3 Rc3 38. Bd2 R3c7 39. Rd1 Ng4 40. f3 Nf6 41. Be3 Rc3 42. Bd2 Rb3 43. Be1 g5 44. Qa2 Rxb1 45. Qxb1 g4 46. f4 exf4 47. gxf4 g3 48. Rc1 Rxc1 49. Qxc1 Qg4 50. Qe3 Qd1 51. Qxg3 Ng4 52. Ra2 Bd4 53. Rd2 Qb1 54. b5 axb5 55. Re2 Kf8 56. e5 dxe5 57. fxe5 Qb3 58. e6 Qxd5+ 59. Qf3 Qxf3+ 60. Kxf3 fxe6 61. Rxe6 Kf7 62. Re4 Bf6 63. Bg3 Be7 64. Kf4 b4 65. Re2 b3 66. Ke4 Nf6+ 67. Kd4 Ba3 68. Kc3 b2 69. Kc2 Nd5 70. Be5 Nb4+ 71. Kb1 Nxd3 72. Bc3 Bb4 73. Bxb4 Nxb4 74. Rxb2 Nd5 75. Rxb7+ Ke6 76. Rh7 Nf4 77. Kc2 Kf5 78. Rg7 Ng6 79. Rh7 Kg4 80. Rg7 Kf5 81. Kd3 Nxh4 82. Ke3 Ng6 83. Kf2 Kg5 84. Rg8 Kf6 85. Kg2 Kg5 86. Ra8 Kf6 87. Ra5 h4 88. Kh3 Ke6 89. Kg4 Kf6 90. Ra6+ Kf7 91. Kg5 Ne5 92. Kxh4 Ng6+ 93. Kg5 Ne7 94. Kf4 Ng6+ 95. Kf5 Ne7+ 96. Kg5 Kg7 97. Re6 Kf7 98. Rf6+ Kg7 99. Rf1 Ng6 100. Re1 Kf7 101. Re2 Ne7 102. Re3 Ng8 103. Kf5 Ne7+ 104. Ke5 Ng6+ 105. Kd6 Kf6 106. Rf3+ Kg5 107. Rf1 Nf4 108. Ke5 Ng6+ 109. Ke4 Kg4 110. Rg1+ Kh5 111. Kf5 Ne7+ 112. Kf6 Nd5+ 113. Ke6 Ne3 114. Kf6 Ng4+ 115. Kf5 Ne3+ 116. Kf4 Nd5+ 117. Ke5 Ne3 118. Rg3 Nc4+ 119. Kd5 Nd2 120. Re3 Nf1 121. Rf3 Nd2 122. Rf2 Nb3 123. Kc4 Na5+ 124. Kb5 Nb3 125. Kc4 Na5+ 126. Kd5 Nb3 127. Rb2 Nc1 128. Ke4 Kg4 129. Ke3 Kg3 130. Kd2 1-0


[Site "https://www.chess.com"]

[Event "Titled Tuesday Blitz May 17 Early 2022"]
[White "Zakhartsov, Vladimir"]
[Black "Hnydiuk, Aleksander"]
[WhiteFideId "4145097"]
[BlackFideId "1109057"]
[WhiteElo "2428"]
[BlackElo "2374"]
[Result "1-0"]
[Round "06"]
[TimeControl "180+1"]
[Date "2022.05.17"]
[WhiteClock "0:01:34"]
[BlackClock "0:00:12"]

1. d4 Nf6 2. c4 c5 3. d5 b5 4. cxb5 a6 5. e3 axb5 6. Bxb5 Qa5+ 7. Nc3 Bb7 8. Bd2 Qb6 9. a4 Nxd5 10. Nf3 e6 11. O-O Be7 12. e4 Nxc3 13. Bxc3 Bxe4 14. Ne5 O-O 15. Nxd7 Nxd7 16. Qxd7 Bd6 17. a5 Qb8 18. Bc6 Ra7 19. Qxa7 Qxa7 20. Bxe4 Qc7 21. g3 c4 22. a6 Bc5 23. Ra5 Bb6 24. Rb5 f6 25. Ra1 Ba7 26. Bb4 Rb8 27. Rb7 Rxb7 28. axb7 Qb6 29. Rxa7 Qxa7 30. Bd6 Qa1+ 31. Kg2 Qxb2 32. b8=Q+ Qxb8 33. Bxb8 Kf7 1-0


[Site "https://www.chess.com"]